 Dungeon Crawl Stone Soup version 0.29-a0-275-g389c0b56f3 (webtiles) character file.

Game seed: 17212644066745399752

2335 enile the Fighter (level 9, -16/76 HPs)
             Began as a Formicid Fighter on Mar 11, 2022.
             Was a Priest of Qazlal.
             Demolished by a skeletal warrior
             ... wielding a +0 trident
              (18 damage)
             ... on level 6 of the Dungeon.
             The game lasted 00:14:21 (8017 turns).

enile the Fighter (Formicid Fighter)                Turns: 8017, Time: 00:14:21

Health: -16/76     AC: 10    Str: 24    XL:     9   Next: 70%
Magic:  0/14       EV:  8    Int: 12    God:    Qazlal [***...]
Gold:   414        SH:  9    Dex: 10    Spells: 14/14 levels left

rFire   . . .      SeeInvis +   a - +1 quarterstaff
rCold   . . .      Faith    .   c - +0 buckler
rNeg    . . .      Spirit   +   v - +0 chain mail "Buith" {rPois Int+3}
rPois   +          Reflect  .   (helmet unavailable)
rElec   .          Harm     .   (no cloak)
rCorr   +          Rampage  .   (no gloves)
Will    .....                   (no boots)
Stlth   ..........              o - amulet of guardian spirit
HPRegen 0.22/turn               f - ring of resist corrosion
MPRegen 0.14/turn               (no ring)

@: mighty, brilliant
A: permanent stasis, dig shafts and tunnels, antennae 3, four strong arms
a: Dig, Shaft Self, Renounce Religion, Upheaval, Elemental Force


You were on level 6 of the Dungeon.
You worshipped Qazlal.
Qazlal was most pleased with you.
You visited 1 branch of the dungeon, and saw 6 of its levels.

You collected 414 gold pieces.

Inventory:

Hand Weapons
 a - a +1 quarterstaff (weapon)
 g - a +2 vampiric dagger
 q - a +2 vampiric dagger
Missiles
 r - a curare-tipped dart
 y - 4 poisoned darts
 A - 3 javelins (quivered)
Armour
 b - a +0 scale mail
 c - a +0 buckler (worn)
 e - a +0 ring mail
 u - a +2 leather armour of willpower
 v - the +0 chain mail "Buith" (worn) {rPois Int+3}
   (You found it on level 5 of the Dungeon)

   Int:       It affects your intelligence (+3).
   rPois:     It protects you from poison.
Jewellery
 f - a ring of resist corrosion (left hand)
 o - an amulet of guardian spirit (around neck)
Wands
 n - a wand of digging (5)
Scrolls
 h - a scroll of blinking
 i - a scroll of fog
 j - a scroll of noise {unknown}
 k - 3 scrolls of teleportation
 x - a scroll of identify
 z - a scroll of fear {unknown}
Potions
 d - 3 potions of might
 l - 3 potions of heal wounds
 m - 4 potions of curing {unknown}
 s - 2 potions of cancellation
 w - a potion of attraction {unknown}


   Skills:
 - Level 9.0 Fighting
 - Level 2.0 Staves
 - Level 2.0 Throwing
 + Level 6.4 Armour
 - Level 2.0 Dodging
 - Level 2.0 Stealth
 - Level 5.0 Shields
 - Level 3.0 Spellcasting
 - Level 7.0 Invocations


You had 14 spell levels left.
You didn't know any spells.
Your spell library contained the following spells:

 Spells                   Type           Power      Damage    Failure   Level
 Gell's Gravitas          Tloc           2%         N/A       99%         3
 Ignite Poison            Fire/Tmut/Pois 2%         N/A       99%         3
 Lesser Beckoning         Tloc           2%         N/A       99%         3
 Mephitic Cloud           Conj/Pois/Air  2%         N/A       99%         3
 Teleport Other           Tloc           2%         N/A       99%         3
 Tukima's Dance           Hex            2%         N/A       99%         3
 Passage of Golubria      Tloc           2%         N/A       100%        4
 Petrify                  Tmut/Erth      2%         N/A       100%        4
 Freezing Cloud           Conj/Ice/Air   1%         6-21      100%        5
 Metabolic Englaciation   Hex/Ice        1%         N/A       100%        5
 Yara's Violent Unravell  Hex/Tmut       1%         3d3       100%        5
 Statue Form              Tmut/Erth      1%         N/A       100%        6


Dungeon Overview and Level Annotations

Branches:
Dungeon (6/15)
 Temple: D:4-7

Altars:
Nemelex Xobeh
Okawaru
Qazlal
Ru

Shops:
D:3 (

Annotations:
D:6 2 transporters, jlumianski's ghost, novice DsGl


Innate Abilities, Weirdness & Mutations

You cannot be hasted, slowed, berserked, paralysed or teleported.
You can dig through walls and to a lower floor.
You have a pair of large antennae on your head. (SInv)
Your four strong arms can wield two-handed weapons with a shield.


Message History

You thump the skeletal warrior!
The skeletal warrior is moderately damaged.
The skeletal warrior hits you with a +0 trident!
You hit the skeletal warrior but do no damage.
The skeletal warrior is moderately damaged.
The skeletal warrior hits you but does no damage.
You sock the skeletal warrior!
The skeletal warrior is heavily damaged.
The skeletal warrior hits you with a +0 trident!
Aiming: Upheaval
Press: ? - help, Dir - move target, f - skeletal warrior
Aim: a skeletal warrior, wielding a +0 trident (heavily damaged) That beam is likely to hit you.
Continue anyway?
Magma suddenly erupts from the ground!
The blast of magma engulfs the ice beast!
The ice beast melts!
The ice beast is heavily wounded.
The blast of magma engulfs you!!
* * * LOW HITPOINT WARNING * * *
The blast of magma engulfs the skeletal warrior!!
The skeletal warrior is almost destroyed.
You block the skeletal warrior's attack.
The skeletal warrior attacks as you move away!
The skeletal warrior hits you with a +0 trident.
* * * LOW HITPOINT WARNING * * *
The skeletal warrior hits you from afar with a +0 trident!
* * * LOW HITPOINT WARNING * * *
You don't have enough magic at the moment.
Unknown command.
Throw: 4 javelins
Press: ? - help, Q - select action, (/) - cycle Shift-Dir - straight line, f/p - skeletal warrior
Aim: a skeletal warrior, wielding a +0 trident (almost destroyed, 62% to hit)
You throw a javelin.
The javelin pierces through the skeletal warrior but does no damage.
The skeletal warrior is almost destroyed.
The javelin pierces through the ice beast but does no damage.
The ice beast is heavily wounded.
The skeletal warrior barely misses you.
The skeletal warrior hits you from afar with a +0 trident!!
You die...

#...####..##.. #...#
#.###.. #####
#.#.... #.###.. #.#
#.. #.# #.. . #.#
#.. ....######## #.#
#.. .(...Yz)@..#
#.####. ..###.####.#
#...... ..
##..########.####.
#.
##.†##.............
#.
#.............####.
#
#....#########.##...
#....## #.####.
#....# #.####.
#....# #......


You could see a skeletal warrior and an ice beast.

Vanquished Creatures
  Pikel (D:4)
  An ice beast (D:4)
  A sky beast (D:4)
  5 ogres
  A black bear (D:6)
  A phantom (D:5)
  3 lemures (D:4)
  Blork the orc (D:6)
  A kobold brigand (D:3)
  3 bullfrogs
  2 necrophages
  2 scorpions
  2 howler monkeys (D:5)
  A jelly (D:4)
  An iguana (D:5)
  4 orc wizards
  13 gnolls (D:3)
  2 river rats (D:5)
  7 adders
  An ufetubus (D:5)
  4 worms
  5 dart slugs
  10 orcs
  10 ball pythons
  9 endoplasms
  4 giant cockroaches
  5 goblins
  11 hobgoblins
  4 jackals
  4 quokkas
  4 bats
  5 frilled lizards
  38 kobolds
  7 rats
173 creatures vanquished.

Vanquished Creatures (collateral kills)
  4 kobolds (D:3)
4 creatures vanquished.

Vanquished Creatures (others)
  A kobold (D:3)
1 creature vanquished.

Grand Total: 178 creatures vanquished

Notes
Turn   | Place    | Note
-------+----------+-------------------------------------------
     0 | D:1      | enile the Formicid Fighter began the quest for the Orb.
     0 | D:1      | Reached XP level 1. HP: 18/18 MP: 1/1
   238 | D:1      | Reached XP level 2. HP: 25/25 MP: 2/2
   373 | D:1      | Reached skill level 4 in Fighting
   661 | D:1      | Reached XP level 3. HP: 31/31 MP: 3/3
  1594 | D:2      | Reached skill level 5 in Fighting
  1649 | D:2      | Noticed a shining eye
  1650 | D:2      | Found a faded altar of an unknown god.
  1655 | D:2      | Noticed a great orb of eyes
  1655 | D:2      | Noticed a shining eye
  1655 | D:2      | Noticed a golden eye
  1659 | D:2      | Reached XP level 4. HP: 39/39 MP: 4/4
  1664 | D:2      | Prayed at the altar of an unknown god.
  1664 | D:2      | Became a worshipper of Qazlal Stormbringer
  1664 | D:2      | Reached * piety under Qazlal
  1878 | D:2      | Reached skill level 1 in Dodging
  2392 | D:3      | Reached XP level 5. HP: 41/44 MP: 3/6
  2405 | D:3      | Reached skill level 1 in Spellcasting
  2431 | D:3      | Reached skill level 1 in Invocations
  2544 | D:3      | Found Minkaucu's Weapon Shop.
  2598 | D:3      | Found a sparkling altar of Nemelex Xobeh.
  2598 | D:3      | Found a sacrificial altar of Ru.
  2605 | D:3      | Reached ** piety under Qazlal
  2895 | D:3      | Reached XP level 6. HP: 51/51 MP: 3/8
  3150 | D:3      | Reached skill level 1 in Stealth
  4094 | D:3      | Reached skill level 6 in Fighting
  4094 | D:3      | Reached XP level 7. HP: 42/58 MP: 7/10
  4181 | D:3      | Reached skill level 1 in Throwing
  4513 | D:4      | Reached skill level 5 in Shields
  4977 | D:4      | Noticed Pikel
  5070 | D:4      | Killed Pikel
  5071 | D:4      | Reached skill level 5 in Armour
  5071 | D:4      | Reached skill level 7 in Fighting
  5071 | D:4      | Reached XP level 8. HP: 33/67 MP: 1/11
  5225 | D:4      | Reached skill level 5 in Invocations
  5661 | D:4      | Reached XP level 9. HP: 62/72 MP: 10/13
  5927 | D:5      | Entered Level 5 of the Dungeon
  5936 | D:5      | Identified the +0 chain mail "Buith" {rPois Int+3}
  6021 | D:5      | Reached *** piety under Qazlal
  6022 | D:5      | Reached skill level 8 in Fighting
  6443 | D:5      | Found an iron altar of Okawaru.
  6476 | D:5      | Reached skill level 9 in Fighting
  7160 | D:6      | Noticed Blork the orc
  7174 | D:6      | Killed Blork the orc
  7730 | D:6      | Found a transporter.
  7737 | D:6      | Noticed jlumianski's ghost (novice DsGl)
  7753 | D:6      | Found a transporter.
  8000 | D:6      | Noticed a skeletal warrior
  8002 | D:6      | Noticed an unseen horror
  8016 | D:6      | HP: 1/76 [skeletal warrior/+0 trident (11)]
  8017 | D:6      | Demolished by a skeletal warrior

Illustrated notes

Levels and vault maps discovered:
D:1:      amcnicky_arrival_blooded_trapdoor, layout_loops_corners,
          chequers_big_river, chequers_serial_rivers_micro_e,
          grunt_decor_resistance, st_stairs_13, chequers_decorated_corner
D:2:      layout_basic, hellmonk_ecumenical_altar_watching_god, minmay_3d_cube
D:3:      minmay_goblin_kobold_castle, layout_rooms, jmf_multi_god_temple,
          serial_shops, nicolae_lakefront_shop
D:4:      layout_loops_cross, uniq_pikel
D:5:      layout_basic, okawaru_gym_becter, portal_sewer_entry_e
D:6:      layout_basic, gammafunk_ghost_stat_death, minmay_manual_mandibuliform,
          uniq_blork_the_orc

Skill      XL: |  1  2  3  4  5  6  7  8  9 |
---------------+----------------------------+-----
Fighting       | 4 5 6 7 9 |  9.0
Dodging        | 2 |  2.0
Spellcasting   | 1 2 3 |  3.0
Invocations    | 3 4 6 7 |  7.0
Stealth        | 2 |  2.0
Throwing       | 2 |  2.0
Shields        | 5 |  5.0
Armour         | 5 6 |  6.4
Staves         | |  2.0

Action                   |  1- 3 |  4- 6 |  7- 9 || total
-------------------------+-------+-------+-------++-------
Melee: Quarterstaff      |    68 |   195 |   222 ||   485
Throw: Dart              |       |       |     5 ||     5
       Throwing net      |       |       |     2 ||     2
       Javelin           |       |       |    14 ||    14
Invok: Upheaval          |       |     4 |     4 ||     8
  Use: Scroll            |       |     2 |     7 ||     9
       Potion            |       |     1 |     4 ||     5
Armor: Scale mail        |    18 |    99 |     8 ||   125
       Ring mail         |       |       |    21 ||    21
       Chain mail        |       |       |    80 ||    80
Dodge: Dodged            |    27 |   119 |   119 ||   265
Block: Buckler           |    16 |    83 |   138 ||   237

Table legend: (Time is in decaauts)
 A = Elapsed time spent in this place.
 B = Non-inter-level travel time spent in this place.
 C = Inter-level travel time spent in this place.
 D = Time resting spent in this place.
 E = Time spent auto-exploring this place.
 F = Levels seen in this place.
 G = Mean time per level.
                   A        B        C        D        E       F      G
               +--------+--------+--------+--------+--------+-----+--------+
         Total |   8159 |   7687 |    472 |    241 |   5611 |   6 | 1359.8 |
       Dungeon |   8159 |   7687 |    472 |    241 |   5611 |   6 | 1359.8 |
               +--------+--------+--------+--------+--------+-----+--------+

Top non-repeatable levels by time:
     D:3: 2175 daAuts
     D:1: 1472 daAuts
     D:5: 1245 daAuts
     D:2: 1197 daAuts
     D:4: 1190 daAuts
     D:6: 878 daAuts
